 Dungeon Crawl Stone Soup version 0.28.0-43-g3370ac3207 (webtiles) character file.

Game seed: 451525427263124991

15016 pkoi the Black Belt (level 11, -1/80 HPs)
             Began as a Purple Draconian Monk on Mar 10, 2022.
             Was an Elder of Hepliaklqana.
             Slain by an entropy weaver (10 damage)
             ... in a Gauntlet.
             The game lasted 00:28:20 (16884 turns).

pkoi the Black Belt (Purple Draconian Monk)        Turns: 16884, Time: 00:28:21

Health: -1/80      AC: -2    Str: 13    XL:     11   Next: 96%
Magic:  19/20      EV: 20    Int: 14    God:    Hepliaklqana [****..]
Gold:   634        SH:  0    Dex: 19    Spells: 15/22 levels left

rFire   . . .      SeeInvis .     - Unarmed
rCold   . . .      Faith    .   (no shield)
rNeg    . . .      Spirit   .   (armour unavailable)
rPois   +          Reflect  .   (helmet restricted)
rElec   .          Harm     .   w - +0 cloak
rCorr   .          Rampage  .   y - +3 pair of gloves of Hadjma {Dex+4}
Will    +....      NoTele   +   l - +1 pair of boots
Stlth   +++.......              o - amulet of regeneration
HPRegen 1.03/turn               j - ring of poison resistance
MPRegen 0.17/turn               A - +4 ring of evasion

@: corroded
A: reduced essence, breathe power, AC +7, unfitting armour, cold-blooded
a: Breathe Dispelling Energy, Renounce Religion, Recall Ancestor, Ancestor
Identity, Transference, Idealise


You were in a Gauntlet.
You worshipped Hepliaklqana.
Hepliaklqana was greatly pleased with you.
You visited 3 branches of the dungeon, and saw 13 of its levels.
You also visited: Gauntlet.

You collected 705 gold pieces.
You spent 71 gold pieces at shops.

Inventory:

Hand Weapons
 b - a +0 dagger of venom
 c - a +0 dagger
Armour
 f - a +0 pair of gloves
 l - a +1 pair of boots (worn)
 r - an orb of guile
 w - a +0 cloak (worn)
 y - the +3 pair of gloves of Hadjma (worn) {Dex+4}
   (You acquired it on level 1 of the Lair of Beasts)

   Dex:       It affects your dexterity (+4).
Jewellery
 j - a ring of poison resistance (left hand)
 o - an amulet of regeneration (around neck)
 A - a +4 ring of evasion (right hand)
 B - a ring of protection from fire
 C - the ring "Piwingeck" {Int+2 SInv}
   (You found it in a Gauntlet)

   [ring of see invisible]

   Int:       It affects your intelligence (+2).
   SInv:      It lets you see invisible.
Wands
 a - a wand of iceblast (7)
 n - a wand of acid (13)
 x - a wand of digging (1)
Scrolls
 e - 2 scrolls of teleportation
 g - a scroll of holy word
 i - a scroll of enchant armour
 k - 2 scrolls of magic mapping
 s - 3 scrolls of fear
 t - a scroll of amnesia
 v - a scroll of identify
Potions
 d - 2 potions of attraction
 h - 4 potions of curing
 m - 2 potions of heal wounds
 p - a potion of berserk rage
 q - a potion of brilliance
 u - 2 potions of flight
Miscellaneous
 z - a condenser vane


   Skills:
 + Level 6.2 Fighting
 + Level 6.1 Dodging
 - Level 6.0 Stealth
 * Level 15.9 Unarmed Combat
 - Level 6.0 Spellcasting
 - Level 3.0 Translocations
 - Level 6.0 Transmutations
 - Level 6.0 Air Magic
 - Level 3.0 Poison Magic
 + Level 1.3 Invocations
 + Level 1.3 Evocations


You had 15 spell levels left.
You knew the following spells:

 Your Spells              Type           Power      Damage    Failure   Level
a - Swiftness             Air            21%        N/A       4%          3
b - Spider Form           Tmut/Pois      16%        N/A       8%          3
c - Apportation           Tloc           24%        N/A       4%          1

Your spell library contained the following spells:

 Spells                   Type           Power      Damage    Failure   Level
 Passwall                 Tmut/Erth      10%        N/A       7%          2
 Gell's Gravitas          Tloc           12%        N/A       14%         3
 Teleport Other           Tloc           12%        N/A       14%         3
 Animate Skeleton         Necr           8%         N/A       16%         1
 Summon Small Mammal      Summ           16%        N/A       16%         1
 Ensorcelled Hibernation  Hex/Ice        8%         N/A       24%         2
 Sublimation of Blood     Necr           4%         N/A       24%         2
 Petrify                  Tmut/Erth      12%        N/A       41%         4
 Irradiate                Conj/Tmut      6%         3d15      77%         5
 Anguish                  Hex/Necr       2%         N/A       83%         4
 Dispersal                Tloc           6%         N/A       100%        6


Dungeon Overview and Level Annotations

Branches:
Dungeon (10/15)            Temple (1/1) D:5            Lair (2/6) D:10
Gauntlet (1/1)
  Swamp: Lair:2-4    Shoals: Lair:2-4     Snake: Lair:2-4    Spider: Lair:2-4
    Orc: D:9-12

Altars:
Ashenzari
Cheibriados
Dithmenos
Elyvilon
Fedhas
Gozag
Hepliaklqana
Kikubaaqudgha
Makhleb
Nemelex Xobeh
Okawaru
Qazlal
Ru
Sif Muna
Trog
Uskayaw
Vehumet
Wu Jian
Xom
Yredelemnul
Zin
The Shining One

Shops:
D:1 *   D:6 !   D:7 *   D:8 (

Annotations:
D:5 2 transporters
D:6 5 runed translucent doors
Lair:1 3 runed translucent doors, nickcage's ghost, novice MiFi Gauntlet 8 transporters, 21 runed translucent doors


Innate Abilities, Weirdness & Mutations

Your life essence is reduced to manifest your ancestor. (-10% HP)
You can breathe bolts of dispelling energy.
Your rich purple scales are hard. (AC +7)
You cannot fit into any form of body armour.
You are cold-blooded and may be slowed by cold attacks.


Message History

Press: ? - help, v - describe, . - travel
Here: an entropy weaver (ally target)
The floor.
Aiming: Corrosive Bolt
Press: ? - help, Shift-Dir - straight line, f - entropy weaver
Aim: an entropy weaver (ally target, 60% to hit)
The bolt of acid hits the entropy weaver.
The acid corrodes the entropy weaver!
The entropy weaver is lightly wounded.
The shining eye turns its gaze towards you.
You hear a bellow!
Sienna hits the entropy weaver with a +0 flail!
Aiming: Corrosive Bolt
Press: ? - help, Shift-Dir - straight line, f/p - entropy weaver
Aim: an entropy weaver (lightly wounded, covered in acid, ally target, 60% to hit)
The bolt of acid hits the entropy weaver!
The entropy weaver seems to be corroded for longer.
The entropy weaver is heavily wounded.
The entropy weaver hits you.
* * * LOW HITPOINT WARNING * * *
The entropy weaver hits you.
* * * LOW HITPOINT WARNING * * *
The entropy weaver hits you!
* * * LOW HITPOINT WARNING * * *
The entropy weaver hits you!
* * * LOW HITPOINT WARNING * * *
Sienna closely misses the entropy weaver.
Aiming: Corrosive Bolt
Press: ? - help, Shift-Dir - straight line, f/p - entropy weaver
Aim: an entropy weaver (heavily wounded, covered in acid, ally target, 60% to hit)
The bolt of acid hits the entropy weaver!!
The entropy weaver seems to be corroded for longer.
The entropy weaver is severely wounded.
The entropy weaver hits you.
* * * LOW HITPOINT WARNING * * *
The entropy weaver barely misses you. The entropy weaver misses you.
The entropy weaver completely misses you.
Sienna closely misses the entropy weaver.
The entropy weaver hits you!
You die...

..#G........#...#.##...##.#..###
8.#GG!.©!.GG#...#ss.?©?[..#..#8#
..###########...###########..###
.............................#
.............≈∩≈............≈#
############################## #
#8##≈...............≈##8# #
####8.8.8..©.R..8.8.8####
#≈........B@.....§#
###.#.#######.#.### #.#.. ..#.#
#


You could see the friendly Sienna the knight, an entropy weaver (corroded, ally
target), a shining eye, 2 redbacks and a golden eye.

Vanquished Creatures
  A two-headed ogre (D:10)
  Pikel (D:5)
  Joseph (D:7)
  Maggie (D:7)
  5 cane toads
  Psyche (D:8)
  2 komodo dragons
  A troll (D:9)
  A tyrant leech (Gauntlet)
  A hornet (D:9)
  A polar bear (Lair:2)
  Prince Ribbit (D:6)
  3 blink frogs (D:10)
  2 shadows (D:6)
  12 yaks
  3 wyverns
  2 vampire mosquitoes (D:8)
  Menkaure (D:7)
  2 wargs (D:10)
  2 water moccasins
  6 orc warriors
  An ice beast (D:5)
  A hornet zombie (D:7)
  An ogre (D:7)
  6 wolves
  2 centaurs
  A lemure (D:5)
  A kobold brigand (D:9)
  4 bullfrogs
  2 scorpions
  5 killer bees
  6 wights
  An electric eel (D:9)
  A bullfrog zombie (D:5)
  6 orc priests
  3 jellies
  A centaur skeleton (D:6)
  A gnoll shaman (D:8)
  An iguana (D:5)
  8 orc wizards
  6 gnolls
  5 adders
  2 river rats (D:5)
  2 shadow imps (D:5)
  2 ufetubi
  3 worms
  5 dart slugs
  40 orcs
  8 endoplasms
  5 giant cockroaches
  8 goblins
  2 hobgoblins
  4 jackals (D:3)
  6 kobolds
  4 quokkas
  8 ball pythons
  4 bats
  5 frilled lizards
  6 rats
227 creatures vanquished.

Vanquished Creatures (collateral kills)
  A blink frog (D:10)
  A wyvern (Lair:2)
  7 yaks
  A basilisk (Lair:1)
  Grum (D:8)
  A steam dragon (D:6)
  A vampire mosquito (D:8)
  A water moccasin (Lair:1)
  A sky beast (D:6)
  A black bear (D:7)
  A wolf (D:10)
  2 bullfrogs
  A gnoll sergeant (D:10)
  A wyvern skeleton (D:7)
  2 killer bees
  3 wights
  An electric eel (D:9)
  A hound (D:6)
  A centaur skeleton (D:7)
  3 orc priests
  A gnoll shaman (D:6)
  3 orc wizards
  2 killer bee zombies
  10 gnolls
  A worm (D:4)
  9 orcs
  3 kobolds (D:9)
  A butterfly (Lair:1)
62 creatures vanquished.

Vanquished Creatures (others)
  2 knights (D:10)
  3 fungi (Lair:1)
  9 plants
14 creatures vanquished.

Grand Total: 303 creatures vanquished

Notes
Turn   | Place    | Note
-------+----------+-------------------------------------------
     0 | D:1      | pkoi the Draconian Monk began the quest for the Orb.
     0 | D:1      | Reached XP level 1. HP: 19/19 MP: 1/1
   259 | D:1      | Found Het Hea's General Store.
   332 | D:1      | Reached XP level 2. HP: 26/26 MP: 2/2
  1262 | D:2      | Reached XP level 3. HP: 31/31 MP: 3/3
  1903 | D:3      | Identified a scroll of acquirement
  1903 | D:3      | Acquired a manual of Unarmed Combat
  2418 | D:3      | Found a faded altar of an unknown god.
  2605 | D:2      | Reached skill level 4 in Unarmed Combat
  2660 | D:2      | Reached XP level 4. HP: 39/40 MP: 4/4
  2812 | D:2      | HP: 2/40 [gnoll/+0 halberd (9)]
  4567 | D:4      | Reached skill level 5 in Unarmed Combat
  4567 | D:4      | Reached XP level 5. HP: 35/46 MP: 5/5
  5374 | D:5      | Entered Level 5 of the Dungeon
  5433 | D:5      | Noticed an orc warrior
  5460 | D:5      | Killed an orc warrior
  5461 | D:5      | Reached XP level 6. HP: 30/53 MP: 6/6
  5617 | D:5      | Reached skill level 6 in Unarmed Combat
  5914 | D:5      | Reached skill level 7 in Unarmed Combat
  6005 | D:5      | Identified the +5 ring mail of Chimes {rF- Int+5 Dex+4}
  6018 | D:5      | Reached skill level 8 in Unarmed Combat
  6097 | D:5      | Your scales start taking on a rich purple colour.
  6097 | D:5      | Reached XP level 7. HP: 60/60 MP: 7/7
  6213 | D:5      | Learned a level 3 spell: Swiftness
  6217 | D:5      | Learned a level 3 spell: Spider Form
  6325 | D:5      | Noticed Pikel
  6339 | D:5      | Paralysed by Pikel for 6 turns
  6684 | D:5      | Found a transporter.
  6685 | D:5      | Found a transporter.
  6747 | D:5      | Reached skill level 9 in Unarmed Combat
  6783 | D:5      | Reached skill level 1 in Spellcasting
  6838 | D:5      | Found a staircase to the Ecumenical Temple.
  6872 | D:5      | Reached skill level 1 in Transmutations
  6899 | Temple   | Entered the Ecumenical Temple
  7059 | Temple   | Became a worshipper of Hepliaklqana the Forgotten
  7059 | Temple   | Reached * piety under Hepliaklqana
  7059 | Temple   | Reached ** piety under Hepliaklqana
  7119 | D:5      | Remembered your ancestor Sienna as a knight
  7230 | D:5      | Killed Pikel
  7231 | D:5      | Reached skill level 10 in Unarmed Combat
  7231 | D:5      | Reached XP level 8. HP: 48/60 MP: 8/11
  8187 | D:6      | Found Sar Qodgh's Distillery.
  8484 | D:6      | Bought a potion of heal wounds for 50 gold pieces
  8494 | D:6      | Reached skill level 11 in Unarmed Combat
  8504 | D:6      | Reached XP level 9. HP: 62/65 MP: 13/13
  8531 | D:6      | Noticed Prince Ribbit
  8533 | D:6      | Found a runed translucent gate.
  8549 | D:6      | Killed Prince Ribbit
  8550 | D:6      | Reached skill level 5 in Fighting
  8706 | D:6      | Found a runed translucent gate.
  8706 | D:6      | Found a runed translucent gate.
  8715 | D:6      | Found a runed translucent door.
  8869 | D:6      | Found the +9 staff of Olgreb {rPois∞}
  8876 | D:6      | Found a runed translucent door.
  9056 | D:7      | Noticed Menkaure
  9065 | D:7      | Killed Menkaure
  9176 | D:7      | Noticed Joseph
  9368 | D:7      | Reached *** piety under Hepliaklqana
  9624 | D:7      | Found an opulent altar of Gozag.
  9671 | D:7      | Noticed Maggie
  9682 | D:7      | Killed Maggie
  9683 | D:7      | Reached skill level 12 in Unarmed Combat
  9726 | D:7      | Found Opniefad's Assorted Antiques.
  9735 | D:7      | Bought a scroll labelled GEUC MIWNOUTU for 21 gold pieces
 10015 | D:8      | Noticed Psyche
 10021 | D:8      | Killed Psyche
 10022 | D:8      | Reached skill level 5 in Dodging
 10242 | D:8      | Found a stormy altar of Qazlal.
 10245 | D:8      | Found a shimmering blue altar of Sif Muna.
 10310 | D:8      | Noticed Grum
 10333 | D:8      | Reached XP level 10. HP: 62/74 MP: 16/16
 10342 | D:8      | Killed Grum
 10512 | D:8      | Reached skill level 5 in Stealth
 10512 | D:8      | Reached skill level 13 in Unarmed Combat
 10962 | D:8      | Found Idain's Weapon Boutique.
 11401 | D:9      | Reached **** piety under Hepliaklqana
 11415 | D:9      | Reached skill level 5 in Spellcasting
 11897 | D:8      | Learned a level 1 spell: Apportation
 12325 | D:9      | Reached skill level 5 in Air Magic
 12478 | D:9      | Found a burning altar of Makhleb.
 12481 | D:9      | Found a basalt altar of Yredelemnul.
 12577 | D:10     | Entered Level 10 of the Dungeon
 12645 | D:10     | Found a staircase to the Lair.
 12673 | D:10     | Reached skill level 5 in Transmutations
 12743 | D:10     | Reached skill level 1 in Translocations
 12865 | Lair:1   | Entered Level 1 of the Lair of Beasts
 12883 | D:10     | Reached skill level 14 in Unarmed Combat
 13057 | D:10     | Noticed a two-headed ogre
 13069 | D:10     | Killed a two-headed ogre
 13070 | D:10     | Reached XP level 11. HP: 72/80 MP: 19/19
 13581 | D:10     | Found a bloodstained altar of Trog.
 13590 | D:10     | Found an ornate altar of the Wu Jian Council.
 14189 | D:10     | HP: 3/80 [bullfrog (6)]
 14646 | D:7      | Killed Joseph
 15227 | D:10     | Reached skill level 15 in Unarmed Combat
 15668 | Lair:1   | Acquired the +3 pair of gloves of Hadjma {Dex+4}
 15865 | Lair:1   | Noticed nickcage's ghost (novice MiFi)
 15876 | Lair:1   | Found a runed translucent gate.
 15876 | Lair:1   | Found a runed translucent gate.
 15876 | Lair:1   | Found a runed translucent gate.
 16503 | Lair:2   | Reached skill level 1 in Invocations
 16503 | Lair:2   | Reached skill level 1 in Evocations
 16520 | Lair:2   | Found a gate leading to a gauntlet.
 16544 | Gauntlet | Entered a Gauntlet
 16544 | Gauntlet | Found a transporter.
 16544 | Gauntlet | Found a transporter.
 16550 | Gauntlet | Found a transporter.
 16550 | Gauntlet | Found a transporter.
 16553 | Gauntlet | Found a transporter.
 16555 | Gauntlet | Found a large runed translucent door.
 16556 | Gauntlet | Found a large runed translucent door.
 16557 | Gauntlet | Found a large runed translucent door.
 16557 | Gauntlet | Found a large runed translucent door.
 16557 | Gauntlet | Found a runed translucent door.
 16558 | Gauntlet | Found a large runed translucent door.
 16559 | Gauntlet | Found a large runed translucent door.
 16560 | Gauntlet | Found a large runed translucent door.
 16560 | Gauntlet | Found a large runed translucent door.
 16561 | Gauntlet | Found a runed translucent gate.
 16563 | Gauntlet | Found a transporter.
 16569 | Gauntlet | Found a transporter.
 16569 | Gauntlet | Found a runed translucent gate.
 16569 | Gauntlet | Noticed a shining eye
 16570 | Gauntlet | Found a runed translucent gate.
 16570 | Gauntlet | Found a runed translucent door.
 16572 | Gauntlet | Found a large runed translucent door.
 16572 | Gauntlet | Found a large runed translucent door.
 16573 | Gauntlet | Found a large runed translucent door.
 16574 | Gauntlet | Found a large runed translucent door.
 16576 | Gauntlet | Found a transporter.
 16584 | Gauntlet | Found a transporter.
 16601 | Gauntlet | Found a transporter.
 16607 | Gauntlet | Noticed a sixfirhy
 16609 | Gauntlet | Found a transporter.
 16626 | Gauntlet | Found a transporter.
 16674 | Gauntlet | Noticed an entropy weaver
 16708 | Gauntlet | Found a large runed translucent door.
 16708 | Gauntlet | Found a large runed translucent door.
 16709 | Gauntlet | Found a large runed translucent door.
 16710 | Gauntlet | Found a large runed translucent door.
 16874 | Gauntlet | Identified the ring "Piwingeck" {Int+2 SInv}
 16884 | Gauntlet | Slain by an entropy weaver

Illustrated notes

Levels and vault maps discovered:
D:1:      wheals_arrival_shading, layout_loops_ring, serial_shops,
          nicolae_shop_hallway_stairs, minmay_misc_feat_ornament
D:2:      layout_basic, corexii_hall_statues_t
D:3:      layout_loops_ring, nicolae_ecumenical_pavilion, minmay_quantized
D:4:      layout_basic
D:5:      layout_loops_corners, minmay_temple_entry_fiery, portal_sewer_entry_b,
          gammafunk_ghost_gnarly_gnolls, uniq_pikel
D:6:      layout_cave_pools, serial_shops, shop,
          minmay_guarded_unrand_staff_of_olgreb, uniq_prince_ribbit1
D:7:      layout_loops_ring, mainiacjoe_overflow_chevrons, serial_shops,
          nicolae_shop_competitors_out_of_business, chequers_jeans,
          kennysheep_generic_room_14, uniq_menkaure, uniq_joseph, uniq_maggie
D:8:      layout_gridville, jmf_multi_god_temple, serial_shops, kennysheep_mini,
          minmay_misc_feat_tower, uniq_psyche, uniq_grum
D:9:      layout_rooms, nicolae_overflow_squiral
D:10:     layout_long_grid, mainiacjoe_overflow_swirl,
          erik_lair_orcish_takeover, nicolae_twisting_strands
Temple:   regret_index_temple_waves
Lair:1:   wad_woods_structure_01, layout_chaotic_city, gammafunk_ghost_split,
          lemuel_fruit_fields
Lair:2:   layout_chaotic_city, gauntlet_entry_generic, uniq_fannar
Gauntlet: gammafunk_gauntlet_shortcut [nicolae_gauntlet_swirl,
          gammafunk_gauntlet_arena_corners, nicolae_gauntlet_arena_blocks,
          nicolae_gauntlet_arena_flowing_pool,
          gammafunk_gauntlet_arena_split_diamond,
          minmay_gauntlet_arena_make_your_own_arena,
          nicolae_gauntlet_exit_dead_adventurers]

Skill      XL: |  1  2  3  4  5  6  7  8  9 10 11 |
---------------+----------------------------------+-----
Stealth        | 2 3 4 5 6 |  6.0
Dodging        | 3 4 5 6 |  6.1
Unarmed Combat | 4 5 8 10 11 12 14 15 | 15.9
Fighting       | 4 5 6 |  6.2
Spellcasting   | 2 3 4 5 6 |  6.0
Transmutations | 2 3 4 5 6 |  6.0
Air Magic      | 2 3 4 5 6 |  6.0
Poison Magic   | 2 3 |  3.0
Translocations | 1 3 |  3.0
Invocations    | 1 |  1.3
Evocations     | 1 |  1.3

Action                   |  1- 3 |  4- 6 |  7- 9 | 10-12 || total
-------------------------+-------+-------+-------+-------++-------
Melee: Dagger            |    32 |     3 |       |       ||    35
       Unarmed           |   121 |   214 |   282 |   371 ||   988
       Tailslap          |    13 |    33 |    38 |    52 ||   136
       Punch             |     2 |     9 |    16 |    31 ||    58
 Cast: Spider Form       |       |       |       |     4 ||     4
Invok: Ancestor Life: Kn |       |       |     1 |       ||     1
       Ancestor Identity |       |       |     1 |       ||     1
       Recall Ancestor   |       |       |       |     2 ||     2
 Abil: Breathe Dispellin |       |       |     2 |     2 ||     4
Evoke: Wand              |       |       |     2 |     4 ||     6
  Use: Scroll            |     6 |     8 |     3 |     3 ||    20
       Potion            |       |     2 |     3 |       ||     5
 Stab: Sleeping          |     9 |     5 |     4 |     3 ||    21
       Distracted        |     1 |     1 |     2 |     5 ||     9
Armor: Skin              |    44 |    55 |    80 |    96 ||   275
Dodge: Dodged            |    90 |   134 |   142 |   292 ||   658
